 Dungeon Crawl Stone Soup version 0.21-a0-142-gdd972a7 (webtiles) character file.

156 kuniqs the Sneak (level 5, -4/28 HPs)
             Began as a Deep Elf Fire Elementalist on July 22, 2017.
             Killed from afar by Natasha (7 damage)
             ... with a magic dart
             ... on level 3 of the Dungeon.
             The game lasted 00:03:46 (2190 turns).

kuniqs the Sneak (Deep Elf Fire Elementalist)       Turns: 2190, Time: 00:03:47

Health: -4/28      AC:  4    Str:  5    XL:     5   Next: 15%
Magic:  8/13       EV: 13    Int: 21    God:
Gold:   109        SH:  0    Dex: 15    Spells: 2/12 levels left

rFire    . . .     SeeInvis .   r - +4 quarterstaff (chaos)
rCold    . . .     Gourm    .   (shield currently unavailable)
rNeg     . . .     Faith    .   a - +0 robe
rPois    .         Spirit   .   (no helmet)
rElec    .         Reflect  .   s - +0 cloak
rCorr    .         Harm     .   (no gloves)
MR       .....                  j - +0 pair of boots
Stlth    +++.......             (no amulet)
HPRegen  0.09/turn              (no ring)
MPRegen  0.13/turn              (no ring)

@: no status effects
A: no striking features
a: no special abilities


You were on level 3 of the Dungeon.
You were not hungry.

You visited 1 branch of the dungeon, and saw 3 of its levels.

You collected 109 gold pieces.

Inventory:

Hand Weapons
 r - a +4 quarterstaff of chaos (weapon)
Missiles
 p - a throwing net (quivered)
Armour
 a - a +0 robe (worn)
 j - a +0 pair of boots (worn)
 s - a +0 cloak (worn)
Scrolls
 g - 2 scrolls of immolation {unknown}
 h - a scroll of blinking {unknown}
 i - 3 scrolls of identify {unknown}
 k - a scroll of teleportation {unknown}
 m - a scroll of fear {unknown}
 n - a scroll of magic mapping {unknown}
 o - a scroll of remove curse {unknown}
Potions
 c - 2 potions of resistance {unknown}
 e - a potion of might {unknown}
 l - a potion of haste {unknown}
 q - a potion of lignification {unknown}
 t - a potion of agility {unknown}
Books
 b - a book of Flames

   Spells                             Type                      Level
   a - Flame Tongue                   Conjuration/Fire             1
   b - Throw Flame                    Conjuration/Fire             2
   c - Conjure Flame                  Conjuration/Fire             3
   d - Inner Flame                    Hexes/Fire                   3
   e - Sticky Flame                   Conjuration/Fire             4
   f - Fireball                       Conjuration/Fire             5
Comestibles
 d - 4 bread rations
 f - 3 chunks of flesh


   Skills:
 - Level 2.4 Dodging
 + Level 4.5 Stealth
 + Level 4.2 Spellcasting
 + Level 2.5 Conjurations
 + Level 4.2 Fire Magic


You had 2 spell levels left.
You knew the following spells:

 Your Spells              Type           Power        Failure   Level  Hunger
a - Flame Tongue          Conj/Fire      ###..        2%          1    None
b - Throw Flame           Conj/Fire      ###...       4%          2    #......
c - Conjure Flame         Conj/Fire      ###.....     9%          3    ###....
d - Sticky Flame          Conj/Fire      ###.....     28%         4    ####...


Dungeon Overview and Level Annotations

Branches:
Dungeon (3/15)

Altars:
Qazlal

Annotations:
D:3 Natasha


Message History

The flame tongue hits Natasha.
Natasha zaps a wand.
The puff of flame hits you!
* * * LOW HITPOINT WARNING * * *
Aim: Natasha, carrying a wand of flame (?/48) {zapped: 2} (severely wounded)
The flame tongue hits Natasha.
You kill Natasha!
Natasha screams in pain as she dies!
You have reached level 5!
You see here a bat corpse.
You start resting.
Natasha, Servant of Life and Death comes into view.
Aim: Natasha The flame tongue misses Natasha.
Natasha zaps a wand.
The puff of flame hits you!
* * * LOW HITPOINT WARNING * * *
It is a wand of flame (?/48) {zapped: 2}.
Aim: Natasha, carrying a wand of flame (?/48) {zapped: 3} The flame tongue hits Natasha.
Natasha stares at you and mumbles some strange words.
The magic dart hits you!
You die...

##...####[ #....#
#.)
#########....###.#
#...>............
####....####.#..
#####h#### #.#...
#)....# ...##
#h##### ..# #@# .#
#†# #.# #.# ...
#..†# ...## .....
.....


You could see Natasha.

Vanquished Creatures
  Crazy Yiuf (D:2)
  Natasha (twice) (D:3)
  An adder (D:2)
  2 worms (D:2)
  2 dart slugs
  A leopard gecko (D:1)
  13 giant cockroaches
  6 goblins
  7 hobgoblins
  4 kobolds
  A ball python (D:3)
  7 bats
  2 frilled lizards
  6 rats
55 creatures vanquished.

Notes
Turn   | Place    | Note
-------+----------+-------------------------------------------
     0 | D:1      | kuniqs the Deep Elf Fire Elementalist began the quest for the Orb.
     0 | D:1      | Reached XP level 1. HP: 10/10 MP: 6/6
   230 | D:1      | Reached XP level 2. HP: 15/15 MP: 4/8
   359 | D:1      | Learned a level 2 spell: Throw Flame
   912 | D:2      | Reached XP level 3. HP: 19/19 MP: 6/9
   917 | D:2      | Learned a level 3 spell: Conjure Flame
  1429 | D:2      | Found a stormy altar of Qazlal.
  1507 | D:2      | Found a runed door.
  1725 | D:2      | Reached XP level 4. HP: 20/24 MP: 4/11
  1830 | D:2      | Noticed Crazy Yiuf
  1839 | D:2      | Killed Crazy Yiuf
  1982 | D:3      | Noticed Natasha
  1989 | D:3      | Killed Natasha
  1999 | D:3      | Learned a level 4 spell: Sticky Flame
  2143 | D:3      | Noticed Natasha
  2149 | D:3      | Killed Natasha
  2149 | D:3      | Reached XP level 5. HP: 7/28 MP: 5/13
  2186 | D:3      | Noticed Natasha
  2190 | D:3      | Killed from afar by Natasha

Vault maps used:
D:1:      lemuel_arrival_broad_hall, st_stairs_6
D:2:      minmay_roachtagon, grunt_qazlal_clouds, serial_corexii_hall,
          corexii_hall_statues_i, corexii_hall_statues_x, first_bread,
          uniq_crazy_yiuf_cottage
D:3:      uniq_natasha

Skill      XL: |  1  2  3  4 |
---------------+-------------+-----
Stealth        | 3 4 |  4.5
Conjurations   | 2 |  2.5
Fire Magic     | 4 |  4.2
Spellcasting   | 4 |  4.2
Dodging        | |  2.4

Action                   |  1- 3 |  4- 6 || total
-------------------------+-------+-------++-------
Melee: Quarterstaff      |       |     1 ||     1
 Cast: Flame Tongue      |    69 |    33 ||   102
       Throw Flame       |    11 |     3 ||    14
       Conjure Flame     |       |     1 ||     1
  Eat: Chunk             |     3 |     1 ||     4
Armor: Robe              |     6 |     3 ||     9
Dodge: Dodged            |    12 |     8 ||    20
